 Seeded DCSS version 0.25-a0-663-gace7076 (webtiles) character file.

Game seed: 333972318490829218, levelgen mode: deterministic

75 Ayyar the Grasshopper (level 4, 0/29 HPs)
             Began as a Halfling Warper on Mar 25, 2020.
             Was an Initiate of Makhleb.
             Slain by Terence
             ... wielding a +0 hand axe
              (6 damage)
             ... on level 2 of the Dungeon.
             The game lasted 00:10:16 (2061 turns).

Ayyar the Grasshopper (Halfling Warper)             Turns: 2061, Time: 00:10:17

Health: 0/29       AC:  4    Str: 13    XL:     4   Next: 55%
Magic:  6/6        EV: 15    Int: 11    God:    Makhleb [......]
Gold:   119        SH:  0    Dex: 13    Spells: 4/6 levels left

rFire    . . .     SeeInvis .   a - +0 mace
rCold    . . .     Gourm    .   (shield restricted)
rNeg     . . .     Faith    .   b - +0 leather armour
rPois    .         Spirit   .   g - +0 helmet (curse)
rElec    .         Reflect  .   (no cloak)
rCorr    .         Harm     .   (no gloves)
MR       .....                  (no boots)
Stlth    +.........             (no amulet)
HPRegen  0.09/turn              (no ring)
MPRegen  0.10/turn              (no ring)

@: very slightly contaminated
A: small, mutation resistance 1
a: Renounce Religion


You were on level 2 of the Dungeon.
You worshipped Makhleb.
Makhleb was noncommittal.
You were not hungry.

You visited 1 branch of the dungeon, and saw 4 of its levels.

You collected 119 gold pieces.

Inventory:

Hand Weapons
 a - a +0 mace (weapon)
Missiles
 l - 59 stones (quivered)
 o - 15 sling bullets
Armour
 b - a +0 leather armour (worn)
 g - a cursed +0 helmet (worn)
Scrolls
 i - a scroll of random uselessness {unknown}
 j - a scroll of identify
 m - a scroll of magic mapping {unknown}
 n - a scroll of remove curse {unknown}
 p - a scroll of teleportation {unknown}
Potions
 c - a potion of ambrosia {unknown}
 h - 2 potions of brilliance
 k - 2 potions of stabbing {unknown}
Comestibles
 f - 2 rations
 q - a chunk of flesh


   Skills:
 + Level 2.2 Fighting
 + Level 2.2 Maces & Flails
 + Level 1.8 Throwing
 + Level 2.1 Armour
 + Level 2.7 Dodging
 + Level 1.9 Spellcasting
 - Level 3.2 Translocations


You had 4 spell levels left.
You knew the following spells:

 Your Spells              Type           Power        Failure   Level  Hunger
a - Blink                 Tloc           N/A          14%         2    ###....

Your spell library contained the following spells:

 Spells                   Type           Power        Failure   Level  Hunger
 Shroud of Golubria       Chrm/Tloc      #.....       28%         2    ###....
 Gell's Gravitas          Tloc           #.........   28%         3    ####...
 Lesser Beckoning         Tloc           #.........   28%         3    ####...
 Teleport Other           Tloc           #.......     28%         3    ####...
 Passage of Golubria      Tloc           N/A          67%         4    #####..


Dungeon Overview and Level Annotations

Branches:
Dungeon (4/15)
 Temple: D:4-7

Altars:
Ashenzari
Dithmenos
Makhleb
Uskayaw
Wu Jian

Annotations:
D:2 Terence


Innate Abilities, Weirdness & Mutations

You are small and have problems with some larger weapons.
You are somewhat resistant to further mutation.


Message History

Terence is severely wounded.
Throwing (i - inventory)
l - 61 stones (quivered)
Press: ? - help, Shift-Dir - straight line, f/p - Terence
Aim: Terence, wielding a +0 hand axe and wearing a +0 scale mail (severely wounded)
You throw a stone. The stone hits Terence.
Terence is almost dead.
Throwing (i - inventory)
l - 60 stones (quivered)
Press: ? - help, Shift-Dir - straight line, f/p - Terence
Aim: Terence, wielding a +0 hand axe and wearing a +0 scale mail (almost dead)
You throw a stone.
The stone hits Terence but does no damage.
Terence is almost dead.
Terence barely misses you.
You hit Terence but do no damage.
Terence is almost dead.
Terence misses you.
You barely miss Terence.
Terence is almost dead.
Terence hits you with a +0 hand axe.
You die...

.(......................#####..#.
#####..(.......#....>.........##.
##.........###.....##.......##
####.................##.........#
#...........(.#..................
.............(...................
....#.........(..................
....#..........@.........[......#
................@...).##...#...##
.....##..........#....##########
....###..........#....# ....#
#........######## .####
#........# .# #####.##### ##
#........# # #........#
#........#


You could see Terence.

Vanquished Creatures
  2 adders
  A worm (D:2)
  3 dart slugs (D:1)
  2 leopard geckos
  5 bats
  3 giant cockroaches (D:1)
  2 goblins
  3 hobgoblins (D:1)
  8 jackals
  2 ball pythons
  8 kobolds
  A quokka skeleton (D:4)
  4 rats
44 creatures vanquished.

Notes
Turn   | Place    | Note
-------+----------+-------------------------------------------
     0 | D:1      | Ayyar the Halfling Warper began the quest for the Orb.
     0 | D:1      | Reached XP level 1. HP: 14/14 MP: 3/3
    51 | D:1      | Reached XP level 2. HP: 19/19 MP: 4/4
   124 | D:1      | Reached XP level 3. HP: 16/24 MP: 5/5
  1038 | D:2      | Reached XP level 4. HP: 15/29 MP: 6/6
  1267 | D:2      | Learned a level 2 spell: Blink
  1419 | D:2      | Found a burning altar of Makhleb.
  1426 | D:2      | Found a shattered altar of Ashenzari.
  1432 | D:2      | Became a worshipper of Makhleb the Destroyer
  1678 | D:2      | You fall into a shaft and drop 2 floors!
  1965 | D:2      | Found a faded altar of an unknown god.
  2001 | D:2      | Found a shadowy altar of Dithmenos.
  2001 | D:2      | Found a hide-covered altar of Uskayaw.
  2001 | D:2      | Found an ornate altar of the Wu Jian Council.
  2023 | D:2      | Noticed Terence
  2061 | D:2      | Slain by Terence

Levels and vault maps discovered:
D:1:      lightli_molten_gateway, layout_basic, minmay_split_cup_small
D:2:      layout_rooms, grunt_temple_overflow_open,
          gammafunk_temple_overflow_claw, chequers_ecumenical_altar_twisty,
          uniq_terence
D:3:      layout_loops_ring, ebering_ghost_sewer_d, columned_hall_lemuel,
          uniq_grinder
D:4:      layout_basic, kennysheep_little_box, first_ration

Skill      XL: |  1  2  3 |
---------------+----------+-----
Maces & Flails | 2 |  2.2
Fighting       | 2 |  2.2
Armour         | 2 |  2.1
Throwing       | |  1.8
Dodging        | |  2.7
Spellcasting   | |  1.9
Translocations | |  3.2

Action                   |  1- 3 |  4- 6 || total
-------------------------+-------+-------++-------
Melee: Mace              |   121 |    63 ||   184
Throw: Boomerang         |     3 |     2 ||     5
       Stone             |     2 |    14 ||    16
  Use: Scroll            |       |     2 ||     2
 Stab: Sleeping          |       |     1 ||     1
  Eat: Chunk             |     1 |     1 ||     2
       Ration            |       |     1 ||     1
Armor: Leather armour    |    31 |     9 ||    40
Dodge: Dodged            |   121 |    55 ||   176

Table legend:
 A = Non-vault XP
 B = Vault XP
 C = Vault XP percentage of total XP
 D = Non-vault monster count
 E = Vault monster count
 F = Vault count percentage of total count
                 A         B        C        D         E       F
            +---------+---------+-------+---------+---------+-------
      Total |     104 |       4 |   3.7 |      41 |       3 |   6.8
            +---------+---------+-------+---------+---------+-------
        D:1 |      51 |       4 |   7.3 |      25 |       3 |  10.7
        D:2 |      35 |       0 |   0.0 |      13 |       0 |   0.0
        D:4 |      18 |       0 |   0.0 |       3 |       0 |   0.0
            +---------+---------+-------+---------+---------+-------
